 Dungeon Crawl Stone Soup version 0.17-a0-1853-ge1bd2c8 (webtiles) character file.

116 Espgualade the Skirmisher (level 5, -3/34 HPs)
             Began as a Tengu Ice Elementalist on Sept 20, 2015.
             Slain by Natasha (6 damage)
             ... on level 3 of the Dungeon.
             The game lasted 00:06:38 (2750 turns).

Espgualade the Skirmisher (Tengu Ice Elementalist)  Turns: 2750, Time: 00:06:38

Health: -3/34      AC:  8    Str:  7 (9)  XL:     5   Next: 1%
Magic:  3/9        EV: 18    Int: 21      God:
Gold:   37         SH:  0    Dex: 19      Spells: 3 memorised, 2 levels left

rFire  . . .     SeeInvis .     d - +0 spear
rCold  . . .     Clarity  .     a - +0 robe
rNeg   . . .     SustAt   .     (no shield)
rPois  .         Gourm    .     (helmet restricted)
rElec  .         Spirit   .     (no cloak)
rCorr  .         Warding  .     (no gloves)
rMut   .         Stasis   .     (boots unavailable)
MR     .....                    (no amulet)
Stlth  +++.......               (no ring)
                                (no ring)

@: brilliant, agile, icy armour, very slightly contaminated, slowed, very slow,
not resistant to hostile enchantments, fairly stealthy
A: beak, talons 3, able to fly 1
a: Fly


You were on level 3 of the Dungeon.
You were hungry.

You visited 1 branch of the dungeon, and saw 3 of its levels.

You collected 37 gold pieces.

Inventory:

Hand weapons
 d - a +0 spear (weapon)
Armour
 a - a +0 robe (worn)
Jewellery
 q - an uncursed ring of positive energy {unknown}
Magical devices
 s - a wand of frost (38)
Scrolls
 e - 3 scrolls of enchant weapon {unknown}
 j - 2 scrolls of recharging {unknown}
 k - 2 scrolls of immolation {unknown}
 m - 4 scrolls of identify {unknown}
 p - 2 scrolls of magic mapping {unknown}
 r - a scroll of remove curse {unknown}
Potions
 h - a potion of heal wounds {unknown}
 i - a potion of agility
 l - a potion of mutation {unknown}
 n - 2 potions of brilliance
 o - a potion of haste {unknown}
 t - 2 potions of lignification {unknown}
Books
 b - a book of Frost

   Spells                             Type                      Level
   a - Freeze                         Ice                          1
   b - Throw Frost                    Conjuration/Ice              2
   c - Ozocubu's Armour               Charms/Ice                   3
   d - Throw Icicle                   Conjuration/Ice              4
   e - Summon Ice Beast               Ice/Summoning                4
   f - Condensation Shield            Ice                          4
Comestibles
 c - a bread ration
 g - a slice of pizza


   Skills:
 + Level 4.4 Fighting
 - Level 2.1 Dodging
 - Level 2.0 Stealth
 - Level 2.0 Spellcasting
 - Level 1.3 Conjurations
 - Level 2.6 Ice Magic


You had 2 spell levels left.
You knew the following spells:

 Your Spells              Type           Power        Failure   Level  Hunger
a - Freeze                Ice            ####         1%          1    #......
b - Throw Frost           Conj/Ice       ###...       1%          2    ##.....
c - Ozocubu's Armour      Chrm/Ice       ###.....     3%          3    ###....


Dungeon Overview and Level Annotations

Branches:
Dungeon (3/15)

Altars:
Nemelex Xobeh
Xom

Annotations:
D:3 Natasha


Innate Abilities, Weirdness & Mutations

You have a beak for a mouth.
You have claws for feet.
You can fly.


Message History

The shadow imp summons a swarm of flies.
You hit Natasha but do no damage. You claw Natasha. You peck Natasha.
Natasha is heavily wounded.
The shadow imp disappears in a puff of smoke!
Natasha claws you!
* * * LOW HITPOINT WARNING * * *
Drink which item? (? for menu, Esc to quit)
It was a potion of degeneration.
There was something very wrong with that liquid.
You feel weakened. Natasha closely misses you.
Drink which item? (? for menu, Esc to quit)
It was a potion of brilliance.
You feel clever all of a sudden. Natasha casts a spell at you.
You feel yourself slow down.
Casting: Freeze
Confirm with . or Enter, or press ? or * to list all spells.
A film of ice covers your body! Natasha claws you.
You die...

#.###.#...#.#
#.# #.#####.#
#.###.......##
#....(.......#
###########.##
#...........#
#.###########
#.# #@#
#####h###...
#....5.....#
#.###.######
#..? #####


You could see Natasha and a shadow imp.

Vanquished Creatures
  Jessica (D:2)
  A gnoll (D:1)
  3 adders (D:2)
  An ooze (D:2)
  A giant gecko (D:1)
  2 giant cockroaches (D:1)
  9 hobgoblins
  A quokka (D:2)
  2 ball pythons (D:2)
  8 bats
  4 giant newts
  8 goblins
  4 jackals (D:1)
  8 kobolds
  3 rats
56 creatures vanquished.

Notes
Turn   | Place    | Note
--------------------------------------------------------------
     0 | D:1      | Espgualade the Tengu Ice Elementalist began the quest for the Orb.
     0 | D:1      | Reached XP level 1. HP: 10/10 MP: 4/4
    70 | D:1      | Reached skill level 1 in Fighting
   284 | D:1      | Reached XP level 2. HP: 5/17 MP: 0/6
   717 | D:1      | Reached XP level 3. HP: 12/22 MP: 5/7
  1492 | D:1      | Learned a level 2 spell: Throw Frost
  1496 | D:1      | Learned a level 3 spell: Ozocubu's Armour
  1647 | D:2      | Found a shimmering altar of Xom.
  1647 | D:2      | Found a shimmering altar of Xom.
  1647 | D:2      | Found a shimmering altar of Xom.
  1647 | D:2      | Found a shimmering altar of Xom.
  1647 | D:2      | Found a shimmering altar of Xom.
  1648 | D:2      | Found a shimmering altar of Xom.
  1648 | D:2      | Found a shimmering altar of Xom.
  1659 | D:2      | Reached skill level 3 in Fighting
  1695 | D:2      | Noticed Jessica
  1810 | D:2      | Reached XP level 4. HP: 24/28 MP: 6/8
  1984 | D:2      | Killed Jessica
  1984 | D:2      | Reached skill level 4 in Fighting
  2027 | D:2      | Found a sparkling altar of Nemelex Xobeh.
  2315 | D:2      | Gained mutation: You can fly. [Tengu growth]
  2315 | D:2      | Reached XP level 5. HP: 9/34 MP: 4/9
  2736 | D:3      | Noticed Natasha
  2750 | D:3      | Slain by Natasha

Vault maps used:
D:1:      lemuel_arrival_lava_pool
D:2:      nicolae_overflow_crystal_walls, xom_redecorated, uniq_jessica,
          uniq_robin
D:3:      grunt_decor_fettered, minivault_27, columned_hall_lemuel,
          uniq_natasha, uniq_grinder, uniq_purgy

Action                   |  1- 3 |  4- 6 || total
-------------------------+-------+-------++-------
Melee: Spear             |    72 |    28 ||   100
 Cast: Freeze            |    33 |    18 ||    51
       Throw Frost       |       |     1 ||     1
       Ozocubu's Armour  |       |     1 ||     1
  Use: Potion            |     1 |     3 ||     4
 Stab: Sleeping          |     1 |     1 ||     2
  Eat: Chunk             |     3 |     3 ||     6
